 Dungeon Crawl Stone Soup version 0.17.0-25-gefc9c12 (webtiles) character file.

268 lucasterio the Skirmisher (level 6, -3/57 HPs)
             Began as a Minotaur Berserker on Nov 18, 2015.
             Was a Priest of Trog.
             Slain by a gnoll
             ... wielding a +0 flail
              (6 damage)
             ... on level 3 of the Dungeon.
             The game lasted 00:08:28 (2064 turns).

lucasterio the Skirmisher (Minotaur Berserker)      Turns: 2064, Time: 00:08:28

Health: -3/57      AC:  2    Str: 24    XL:     6   Next: 0%
Magic:  5/5        EV: 12    Int:  4    God:    Trog [***...]
Gold:   138        SH:  0    Dex:  9    Spells: 0 memorised, 5 levels left

rFire  . . .     SeeInvis .     a - +0 spear
rCold  . . .     Clarity  .     b - +0 animal skin
rNeg   . . .     SustAt   .     (no shield)
rPois  .         Gourm    .     (helmet restricted)
rElec  .         Spirit   .     (no cloak)
rCorr  .         Warding  .     (no gloves)
rMut   .         Stasis   .     (no boots)
MR     .....                    (no amulet)
Stlth  +.........               (no ring)
                                (no ring)

@: exhausted, slowed, very slow, not resistant to hostile enchantments, very
unstealthy
A: retaliatory headbutt, horns 2
a: Berserk, Trog's Hand, Burn Spellbooks, Renounce Religion


You were on level 3 of the Dungeon.
You worshipped Trog.
Trog was most pleased with you.
You were not hungry.

You visited 1 branch of the dungeon, and saw 3 of its levels.

You collected 138 gold pieces.

Inventory:

Hand Weapons
 a - a +0 spear (weapon)
Missiles
 g - 36 arrows
 j - 17 arrows of frost
Armour
 b - a +0 animal skin (worn)
 p - a +0 ring mail
Jewellery
 e - a cursed ring of protection from cold {unknown}
 f - an uncursed ring of ice {unknown}
Wands
 n - a wand of magic darts (29)
Scrolls
 d - 2 scrolls of fog {unknown}
 k - a scroll of enchant armour {unknown}
 l - a scroll of magic mapping {unknown}
 q - a scroll of recharging {unknown}
 r - a scroll of enchant weapon {unknown}
 t - a scroll of blinking {unknown}
 u - a scroll of remove curse {unknown}
 v - a scroll of teleportation {unknown}
Potions
 i - a potion of degeneration {unknown}
 o - a potion of curing {unknown}
 s - a potion of lignification {unknown}
Comestibles
 c - 3 bread rations
 h - a royal jelly


   Skills:
 + Level 5.8 Fighting
 + Level 5.4 Polearms
 + Level 4.5 Armour
 - Level 2.1 Dodging


You had 5 spell levels left.
You didn't know any spells.

Dungeon Overview and Level Annotations

Branches:
Dungeon (3/15)

Altars:
Cheibriados
Dithmenos
Xom


Innate Abilities, Weirdness & Mutations

You reflexively headbutt those who attack you in melee.
You have a pair of horns on your head.


Message History

You rip the net and break free!
The gnoll shaman calls upon its god to speed up the gnoll.
The gnoll seems to speed up.
The gnoll barely misses you. The gnoll shaman hits you with a whip.
* * * LOW HITPOINT WARNING * * *
The gnoll shaman hits you with a whip.
* * * LOW HITPOINT WARNING * * *
The gnoll completely misses you. You furiously retaliate!
You headbutt the gnoll!
The gnoll shaman hits you but does no damage.
The gnoll shaman calls upon its god to heal the gnoll.
The gnoll is healed somewhat.
The gnoll closely misses you. x2
The gnoll shaman calls upon its god to speed up the gnoll.
The gnoll seems to speed up.
The gnoll barely misses you.
The gnoll shaman calls upon its god to heal the gnoll.
The gnoll is healed somewhat.
The gnoll hits you with a flail.
You die...

.....................
≈≈≈≈≈≈≈≈≈≈....≈≈≈≈≈≈≈≈
≈≈≈≈≈≈≈≈≈≈....≈≈≈≈≈≈≈≈
≈≈≈≈≈≈≈≈≈≈....≈≈≈≈≈≈≈≈
......................
##########''''#########
#.......#....#.......#
#......)#....#..g.g..#
#......)'....).@ggg).#
#+##################'#
..# ...# ....# ......
######. .


You could see a gnoll shaman and 4 gnolls.

Vanquished Creatures
  A gnoll shaman (D:3)
  Robin (D:3)
  10 gnolls
  5 adders
  2 worms
  6 bats
  16 goblins
  8 hobgoblins
  10 jackals
  9 kobolds
  A giant cockroach (D:2)
  2 giant geckos
  2 giant newts (D:1)
  A quokka (D:2)
  5 rats
79 creatures vanquished.

Notes
Turn   | Place    | Note
--------------------------------------------------------------
     0 | D:1      | lucasterio the Minotaur Berserker began the quest for the Orb.
     0 | D:1      | Reached XP level 1. HP: 19/19 MP: 0/0
   507 | D:1      | Reached XP level 2. HP: 27/27 MP: 1/1
   650 | D:1      | Reached skill level 4 in Fighting
   964 | D:2      | Reached XP level 3. HP: 34/34 MP: 2/2
  1170 | D:2      | Reached ** piety under Trog
  1172 | D:2      | Reached XP level 4. HP: 41/41 MP: 3/3
  1469 | D:3      | Reached skill level 5 in Fighting
  1486 | D:3      | Reached XP level 5. HP: 42/48 MP: 4/4
  1598 | D:3      | Found a shimmering altar of Xom.
  1598 | D:3      | Noticed Robin
  1617 | D:3      | Reached skill level 5 in Polearms
  1648 | D:3      | Killed Robin
  1702 | D:3      | Reached *** piety under Trog
  1709 | D:3      | Found a shadowy altar of Dithmenos.
  1934 | D:3      | Found a snail-covered altar of Cheibriados.
  2053 | D:3      | Reached XP level 6. HP: 43/57 MP: 5/5
  2060 | D:3      | HP: 2/57 [gnoll shaman/whip (4)]
  2064 | D:3      | Slain by a gnoll

Action                   |  1- 3 |  4- 6 || total
-------------------------+-------+-------++-------
Melee: Spear             |    77 |   137 ||   214
Invok: Berserk           |     1 |     2 ||     3
 Stab: Sleeping          |     3 |       ||     3
  Eat: Chunk             |     2 |     5 ||     7
